| TOP OF THE 1ST |
|
West Virginia Power batting - Pitching for Augusta GreenJackets : RHP Ricky Fo
|
|
Pitching: RHP Ricky Fo
|
|
|
Batting: RHB Ken Manser
|
0-0: Reached on error, E6 (Groundball, 6, EV 89.4 MPH)
|
|
Batting: RHB Terrence Wilson
|
0-0: Called Strike 0-1: Ball 1-1: Ball 2-1: Foul Ball, location: 2F 2-2: Foul Ball, location: 2F 2-2: Strikes out swinging Ken Manser steals 2nd base Batter strikes out.
|
|
Batting: RHB Alain Marquet
|
0-0: Ball 1-0: Ball 2-0: Ball 3-0: Foul Ball, location: 2F 3-1: Foul Ball, location: 2F 3-2: Ground out 5-3 (Groundball, 56, EV 107.5 MPH)
|
|
Batting: RHB Dave Fredericks
|
0-0: Ball 1-0: Foul Ball, location: 2F 1-1: SINGLE (Groundball, 34D, EV 98.8 MPH) Ken Manser to third Runner from 3rd tries for Home, SAFE, throw by RF to home
|
|
Batting: RHB Brandon White
|
0-0: Ball 1-0: Ball 2-0: Ball 3-0: Called Strike 3-1: Base on Balls Dave Fredericks to second
|
|
Batting: RHB Jaime Dubicki
|
0-0: Swinging Strike 0-1: Ball 1-1: Ball 2-1: Foul Ball, location: 2F 2-2: Strikes out swinging
|
| Top of the 1st over - 1 run, 1 hit, 1 error, 2 left on base; West Virginia 1 - Augusta 0 |
| BOTTOM OF THE 1ST |
|
Augusta GreenJackets batting - Pitching for West Virginia Power : RHP Eric Bourque
|
|
Pitching: RHP Eric Bourque
|
|
|
Batting: RHB Armando Ramirez
|
0-0: Ball 1-0: SINGLE (Flyball, 34D, EV 94.4 MPH)
|
|
Batting: RHB Ryan Roberts
|
0-0: Ball 1-0: Swinging Strike 1-1: Fielders Choice at 2nd, 5-4 (Groundball, 15, EV 89.4 MPH)
|
|
Batting: LHB Mike Roberts
|
0-0: Ball 1-0: Ball 2-0: Ball 3-0: Called Strike 3-1: Base on Balls Ryan Roberts to second
|
|
Batting: RHB Coen Dirks
|
0-0: Ball 1-0: Swinging Strike 1-1: Foul Ball, location: 2F 1-2: Fielders Choice at 2nd, 5-4 (Groundball, 56, EV 86.2 MPH) Ryan Roberts to third
|
|
Batting: RHB Tsugio Yamaguchi
|
0-0: Ball 1-0: Ball 2-0: Foul Ball, location: 2F 2-1: Ball 3-1: TRIPLE (Line Drive, 89XD, EV 105.0 MPH) Ryan Roberts scores Coen Dirks scores
|
|
Batting: RHB Teruhide Horiuchi
|
0-0: Called Strike 0-1: SINGLE (Groundball, 34D, EV 104.4 MPH) Tsugio Yamaguchi scores
|
|
Batting: RHB David Bibian
|
0-0: Fly out, F2 (Popup, 23F, EV 83.8 MPH)
|
| Bottom of the 1st over - 3 runs, 3 hits, 0 errors, 1 left on base; West Virginia 1 - Augusta 3 |
| TOP OF THE 2ND |
|
West Virginia Power batting - Pitching for Augusta GreenJackets : RHP Ricky Fo
|
|
Batting: RHB Tim Moore
|
0-0: Ball 1-0: Ball 2-0: Ground out 6-3 (Groundball, 6, EV 80.0 MPH)
|
|
Batting: RHB Killian Jones
|
0-0: Called Strike 0-1: Ball 1-1: Fly out, F7 (Flyball, 7, EV 95.6 MPH)
|
|
Batting: RHB Seung-mun Kim
|
0-0: Called Strike 0-1: Foul Ball, location: 2F 0-2: Strikes out swinging
|
| Top of the 2nd over - 0 runs, 0 hits, 0 errors, 0 left on base; West Virginia 1 - Augusta 3 |
| BOTTOM OF THE 2ND |
|
Augusta GreenJackets batting - Pitching for West Virginia Power : RHP Eric Bourque
|
|
Batting: RHB Malik Sharpless
|
0-0: Ground out 4-3 (Groundball, 4M, EV 101.9 MPH)
|
|
Batting: RHB Chris Kulik
|
0-0: Ball 1-0: SINGLE (Flyball, 3D, EV 98.1 MPH)
|
|
Batting: RHB Armando Ramirez
|
0-0: Foul Ball, location: 2F 0-1: Swinging Strike 0-2: Strikes out swinging
|
|
Batting: RHB Ryan Roberts
|
0-0: Reached on error, E2 (Groundball, 15S, EV 65.6 MPH) Chris Kulik to third
|
|
Batting: LHB Mike Roberts
|
0-0: Called Strike 0-1: Ball 1-1: Foul Ball, location: 2F 1-2: Ground out 5-3 (Groundball, 56S, EV 88.1 MPH)
|
| Bottom of the 2nd over - 0 runs, 1 hit, 1 error, 2 left on base; West Virginia 1 - Augusta 3 |
| TOP OF THE 3RD |
|
West Virginia Power batting - Pitching for Augusta GreenJackets : RHP Ricky Fo
|
|
Batting: RHB Ken Manser
|
0-0: Ball 1-0: Foul Ball, location: 2F 1-1: Ball 2-1: Ball 3-1: Base on Balls
|
|
Batting: RHB Terrence Wilson
|
0-0: Ball 1-0: Foul Ball, location: 2F 1-1: Ball 2-1: Ball 3-1: Grounds into double play, 6-4-3 (Groundball, 6, EV 86.2 MPH)
|
|
Batting: RHB Alain Marquet
|
0-0: Called Strike 0-1: Ball 1-1: Ball 2-1: Called Strike 2-2: Strikes out swinging
|
| Top of the 3rd over - 0 runs, 0 hits, 0 errors, 0 left on base; West Virginia 1 - Augusta 3 |
| BOTTOM OF THE 3RD |
|
Augusta GreenJackets batting - Pitching for West Virginia Power : RHP Eric Bourque
|
|
Batting: RHB Coen Dirks
|
0-0: SINGLE (Line Drive, 89S, EV 96.2 MPH)
|
|
Batting: RHB Tsugio Yamaguchi
|
0-0: Called Strike 0-1: Called Strike 0-2: Ball 1-2: Ball 2-2: Ground out 4-3 (Groundball, 34S, EV 86.2 MPH) Coen Dirks to second
|
|
Batting: RHB Teruhide Horiuchi
|
0-0: Called Strike 0-1: Called Strike 0-2: Ball 1-2: Foul Ball, location: 2F 1-2: Ball 2-2: Foul Ball, location: 2F 2-2: Ground out 6-3 (Groundball, 6, EV 105.0 MPH)
|
|
Batting: RHB David Bibian
|
0-0: Ball 1-0: Foul Ball, location: 2F 1-1: Hit by Pitch
|
|
Batting: RHB Malik Sharpless
|
0-0: Ball 1-0: Called Strike 1-1: Called Strike 1-2: Ball 2-2: DOUBLE (Line Drive, 9LS, EV 87.5 MPH) Coen Dirks scores David Bibian to third
|
|
Batting: RHB Chris Kulik
|
0-0: SINGLE (Groundball, 34D, EV 96.2 MPH) David Bibian scores Malik Sharpless to third Runner from 3rd tries for Home, SAFE, throw by RF to home
|
|
Pitching: RHP Mike Rosen
|
|
|
Batting: RHB Armando Ramirez
|
0-0: Ball 1-0: Foul Ball, location: 2F 1-1: Swinging Strike 1-2: Ball 2-2: SINGLE (Groundball, 56, EV 100.6 MPH) (infield hit) Chris Kulik to second
|
|
Batting: RHB Ryan Roberts
|
0-0: Ball 1-0: Called Strike 1-1: Ball 2-1: Foul Ball, location: 2F 2-2: Ball 3-2: Fly out, F4 (Popup, 23, EV 88.1 MPH)
|
| Bottom of the 3rd over - 3 runs, 4 hits, 0 errors, 2 left on base; West Virginia 1 - Augusta 6 |
| TOP OF THE 4TH |
|
West Virginia Power batting - Pitching for Augusta GreenJackets : RHP Ricky Fo
|
|
Batting: RHB Dave Fredericks
|
0-0: Ground out 5-3 (Groundball, 56S, EV 63.8 MPH)
|
|
Batting: RHB Brandon White
|
0-0: Fly out, F8 (Flyball, 78S, EV 75.6 MPH)
|
|
Batting: RHB Jaime Dubicki
|
0-0: Called Strike 0-1: Fly out, F9 (Line Drive, 9LM, EV 87.5 MPH)
|
| Top of the 4th over - 0 runs, 0 hits, 0 errors, 0 left on base; West Virginia 1 - Augusta 6 |
| BOTTOM OF THE 4TH |
|
Augusta GreenJackets batting - Pitching for West Virginia Power : RHP Mike Rosen
|
|
Batting: LHB Mike Roberts
|
0-0: Called Strike 0-1: Foul Ball, location: 2F 0-2: Ball 1-2: Ball 2-2: Ball 3-2: Strikes out swinging
|
|
Batting: RHB Coen Dirks
|
0-0: Foul Ball, location: 2F 0-1: Foul Ball, location: 2F 0-2: Strikes out looking
|
|
Batting: RHB Tsugio Yamaguchi
|
0-0: Ball 1-0: Swinging Strike 1-1: Swinging Strike 1-2: Ball 2-2: Strikes out swinging
|
| Bottom of the 4th over - 0 runs, 0 hits, 0 errors, 0 left on base; West Virginia 1 - Augusta 6 |
| TOP OF THE 5TH |
|
West Virginia Power batting - Pitching for Augusta GreenJackets : RHP Ricky Fo
|
|
Batting: RHB Tim Moore
|
0-0: Called Strike 0-1: SOLO HOME RUN (Flyball, 9D, EV 98.1 MPH), Distance : 374 ft
|
|
Batting: RHB Killian Jones
|
0-0: Called Strike 0-1: Called Strike 0-2: Ball 1-2: Strikes out looking
|
|
Batting: RHB Seung-mun Kim
|
0-0: Ball 1-0: Ball 2-0: Called Strike 2-1: Foul Ball, location: 2F 2-2: Ball 3-2: Strikes out looking
|
|
Batting: RHB Ken Manser
|
0-0: Called Strike 0-1: Swinging Strike 0-2: Foul Ball, location: 2F 0-2: Ball 1-2: SOLO HOME RUN (Flyball, 7D, EV 99.4 MPH), Distance : 383 ft
|
|
Batting: RHB Terrence Wilson
|
0-0: Ball 1-0: Ball 2-0: Foul Ball, location: 2F 2-1: Swinging Strike 2-2: Strikes out swinging
|
| Top of the 5th over - 2 runs, 2 hits, 0 errors, 0 left on base; West Virginia 3 - Augusta 6 |
| BOTTOM OF THE 5TH |
|
Augusta GreenJackets batting - Pitching for West Virginia Power : RHP Mike Rosen
|
|
Batting: RHB Teruhide Horiuchi
|
0-0: Swinging Strike 0-1: Called Strike 0-2: Strikes out swinging
|
|
Batting: RHB David Bibian
|
0-0: Ball 1-0: Called Strike 1-1: Swinging Strike 1-2: Strikes out swinging
|
|
Batting: RHB Malik Sharpless
|
0-0: DOUBLE (Line Drive, 3D, EV 105.0 MPH)
|
|
Batting: RHB Chris Kulik
|
0-0: Foul Ball, location: 2F 0-1: Foul Ball, location: 2F 0-2: Strikes out looking
|
| Bottom of the 5th over - 0 runs, 1 hit, 0 errors, 1 left on base; West Virginia 3 - Augusta 6 |
| TOP OF THE 6TH |
|
West Virginia Power batting - Pitching for Augusta GreenJackets : RHP Ricky Fo
|
|
Batting: RHB Alain Marquet
|
0-0: Called Strike 0-1: Ball 1-1: Foul Ball, location: 2F 1-2: Ball 2-2: Ball 3-2: DOUBLE (Line Drive, 9LS, EV 91.9 MPH)
|
|
Batting: RHB Dave Fredericks
|
0-0: Ball 1-0: Swinging Strike 1-1: Called Strike 1-2: Ball 2-2: Strikes out looking
|
|
Batting: RHB Brandon White
|
0-0: Ball 1-0: DOUBLE (Line Drive, 78D, EV 108.1 MPH) Alain Marquet scores
|
|
Batting: RHB Jaime Dubicki
|
0-0: Called Strike 0-1: SINGLE (Groundball, 15S, EV 64.4 MPH) (infield hit) Brandon White to third
|
|
Batting: RHB Tim Moore
|
0-0: Called Strike 0-1: Fielders Choice at 2nd, 6-4 (Groundball, 6, EV 86.2 MPH) Brandon White scores
|
|
Batting: RHB Killian Jones
|
0-0: Called Strike Tim Moore steals 2nd base 0-1: Ball 1-1: Ball 2-1: Foul Ball, location: 2F 2-2: Foul Ball, location: 2F 2-2: Ball 3-2: DOUBLE (Line Drive, 78XD, EV 105.0 MPH) Tim Moore scores
|
|
Pitching: RHP Hiroaki Yazawa
|
|
|
Batting: RHB Seung-mun Kim
|
0-0: Ball 1-0: Hit by Pitch
|
|
Batting: RHB Ken Manser
|
0-0: Called Strike 0-1: Called Strike 0-2: SINGLE (Line Drive, 78S, EV 103.8 MPH) Killian Jones to third Seung-mun Kim to second Runner from 3rd tries for Home, SAFE, throw by LF to home
|
|
Batting: RHB Terrence Wilson
|
0-0: Ball 1-0: Ground out U3 (Groundball, 3, EV 102.5 MPH)
|
| Top of the 6th over - 4 runs, 5 hits, 0 errors, 2 left on base; West Virginia 7 - Augusta 6 |
| BOTTOM OF THE 6TH |
|
Augusta GreenJackets batting - Pitching for West Virginia Power : RHP Mike Rosen
|
|
Batting: RHB Armando Ramirez
|
0-0: Called Strike 0-1: Ball 1-1: Ball 2-1: Foul Ball, location: 2F 2-2: Strikes out swinging
|
|
Batting: RHB Ryan Roberts
|
0-0: Ball 1-0: Ground out 5-3 (Groundball, 5, EV 100.6 MPH)
|
|
Batting: LHB Mike Roberts
|
0-0: Ball 1-0: Ball 2-0: TRIPLE (Flyball, 89XD, EV 100.0 MPH)
|
|
Batting: RHB Coen Dirks
|
0-0: DOUBLE (Groundball, 5L, EV 102.5 MPH) Mike Roberts scores
|
|
Batting: RHB Tsugio Yamaguchi
|
0-0: Ball 1-0: Fly out, F7 (Flyball, 78M, EV 98.1 MPH)
|
| Bottom of the 6th over - 1 run, 2 hits, 0 errors, 1 left on base; West Virginia 7 - Augusta 7 |
| TOP OF THE 7TH |
|
West Virginia Power batting - Pitching for Augusta GreenJackets : RHP Hiroaki Yazawa
|
|
Batting: RHB Alain Marquet
|
0-0: Called Strike 0-1: Hit by Pitch
|
|
Batting: RHB Dave Fredericks
|
0-0: Called Strike 0-1: Fly out, F9 (Flyball, 9, EV 86.2 MPH)
|
|
Pinch Hitting: LHB Tomohiro Yokoyama
|
0-0: Foul Ball, location: 2F 0-1: SINGLE (Groundball, 4MD, EV 100.6 MPH) Alain Marquet to second
|
|
Pinch Runner at 2nd Perry Dominey:
|
|
|
Batting: RHB Jaime Dubicki
|
0-0: SINGLE (Groundball, 6MD, EV 103.1 MPH) Perry Dominey to third Tomohiro Yokoyama to second Runner from 3rd tries for Home, SAFE, throw by CF to home
|
|
Batting: RHB Tim Moore
|
0-0: Ball 1-0: Called Strike 1-1: SINGLE (Line Drive, 9LM, EV 101.2 MPH) Tomohiro Yokoyama to third Jaime Dubicki to second Runner from 3rd tries for Home, SAFE, throw by RF to home
|
|
Batting: RHB Killian Jones
|
0-0: Ball 1-0: Ball 2-0: Fly out, F7 (Flyball, 7, EV 78.1 MPH)
|
|
Pitching: RHP Chance Robinson
|
|
|
Batting: RHB Seung-mun Kim
|
0-0: Ball 1-0: Ball Wild Pitch! Jaime Dubicki to third Tim Moore to second 2-0: Ball 3-0: Base on Balls
|
|
Batting: RHB Ken Manser
|
0-0: Ball 1-0: Foul Ball, location: 2F 1-1: Ball 2-1: Foul Ball, location: 2F 2-2: Ball 3-2: Foul Ball, location: 2F 3-2: SINGLE (Groundball, 56D, EV 94.4 MPH) Jaime Dubicki scores Tim Moore to third Seung-mun Kim to second Tim Moore scores Seung-mun Kim to third
|
|
Batting: RHB Terrence Wilson
|
0-0: Called Strike Ken Manser steals 2nd base 0-1: SINGLE (Groundball, 4M, EV 107.5 MPH) (infield hit) Seung-mun Kim scores Ken Manser to third
|
|
Batting: RHB Perry Dominey
|
0-0: Swinging Strike 0-1: Ball 1-1: Called Strike 1-2: Foul Ball, location: 2F 1-2: Hit by Pitch Terrence Wilson to second
|
|
Pitching: RHP Sam Drews
|
|
|
Batting: RHB Dave Fredericks
|
0-0: Ball 1-0: Swinging Strike 1-1: Ball 2-1: Called Strike 2-2: Ball 3-2: Base on Balls Ken Manser scores Terrence Wilson to third Perry Dominey to second
|
|
Batting: LHB Tomohiro Yokoyama
|
0-0: Foul Ball, location: 2F 0-1: Ball 1-1: Ground out 3-1 (Groundball, 34, EV 85.6 MPH)
|
| Top of the 7th over - 6 runs, 5 hits, 0 errors, 3 left on base; West Virginia 13 - Augusta 7 |
| BOTTOM OF THE 7TH |
|
Augusta GreenJackets batting - Pitching for West Virginia Power : RHP Mike Rosen
|
|
Now at SS: John DeVillier
|
|
|
Now in RF: Perry Dominey
|
|
|
Batting: RHB Teruhide Horiuchi
|
0-0: Called Strike 0-1: Ball 1-1: Ground out 6-3 (Groundball, 6, EV 78.1 MPH)
|
|
Batting: RHB David Bibian
|
0-0: Ball 1-0: Called Strike 1-1: Swinging Strike 1-2: Ground out 6-3 (Groundball, 6, EV 96.2 MPH)
|
|
Batting: RHB Malik Sharpless
|
0-0: Ground out 6-3 (Groundball, 6, EV 89.4 MPH)
|
| Bottom of the 7th over - 0 runs, 0 hits, 0 errors, 0 left on base; West Virginia 13 - Augusta 7 |
| TOP OF THE 8TH |
|
West Virginia Power batting - Pitching for Augusta GreenJackets : RHP Sam Drews
|
|
Batting: RHB Jaime Dubicki
|
0-0: Ball 1-0: Ball 2-0: Ball 3-0: Base on Balls
|
|
Batting: RHB Tim Moore
|
0-0: Ball 1-0: DOUBLE (Line Drive, 9LS, EV 94.4 MPH) Jaime Dubicki to third
|
|
Batting: RHB Killian Jones
|
0-0: Ball 1-0: Ball 2-0: Ball 3-0: Called Strike 3-1: Base on Balls
|
|
Batting: RHB Seung-mun Kim
|
0-0: Ball 1-0: Ball 2-0: DOUBLE (Line Drive, 3D, EV 103.8 MPH) Jaime Dubicki scores Tim Moore scores Killian Jones to third
|
|
Batting: RHB Ken Manser
|
0-0: Ball 1-0: Ball 2-0: Ball 3-0: Base on Balls
|
|
Batting: RHB Terrence Wilson
|
0-0: Ball 1-0: Swinging Strike 1-1: Grounds into double play, 5-4-3 (Groundball, 56S, EV 81.9 MPH) Killian Jones scores Seung-mun Kim to third
|
|
Batting: RHB Perry Dominey
|
0-0: Ball 1-0: Swinging Strike 1-1: Ground out 5-3 (Groundball, 56S, EV 84.4 MPH)
|
| Top of the 8th over - 3 runs, 2 hits, 0 errors, 1 left on base; West Virginia 16 - Augusta 7 |
| BOTTOM OF THE 8TH |
|
Augusta GreenJackets batting - Pitching for West Virginia Power : RHP Mike Rosen
|
|
Batting: RHB Chris Kulik
|
0-0: Called Strike 0-1: Called Strike 0-2: Ball 1-2: Strikes out looking
|
|
Batting: RHB Armando Ramirez
|
0-0: Called Strike 0-1: Ground out 6-3 (Groundball, 6, EV 81.9 MPH)
|
|
Batting: RHB Ryan Roberts
|
0-0: Called Strike 0-1: Ball 1-1: Foul Ball, location: 2F 1-2: Ball 2-2: Strikes out swinging
|
| Bottom of the 8th over - 0 runs, 0 hits, 0 errors, 0 left on base; West Virginia 16 - Augusta 7 |
| TOP OF THE 9TH |
|
West Virginia Power batting - Pitching for Augusta GreenJackets : RHP Sam Drews
|
|
Batting: RHB Dave Fredericks
|
0-0: Called Strike 0-1: Ball 1-1: Ball 2-1: Foul Ball, location: 2F 2-2: Ground out 1-3 (Groundball, 13S, EV 66.9 MPH)
|
|
Batting: RHB John DeVillier
|
0-0: Ball 1-0: Foul Ball, location: 2F 1-1: Ground out 5-3 (Groundball, 56, EV 110.6 MPH)
|
|
Batting: RHB Jaime Dubicki
|
0-0: Ball 1-0: SINGLE (Groundball, 56D, EV 94.4 MPH)
|
|
Batting: RHB Tim Moore
|
0-0: Foul Ball, location: 2F 0-1: Ground out 5-3 (Groundball, 25, EV 88.1 MPH)
|
| Top of the 9th over - 0 runs, 1 hit, 0 errors, 1 left on base; West Virginia 16 - Augusta 7 |
| BOTTOM OF THE 9TH |
|
Augusta GreenJackets batting - Pitching for West Virginia Power : RHP Mike Rosen
|
|
Batting: LHB Mike Roberts
|
0-0: Called Strike 0-1: Swinging Strike 0-2: Ball 1-2: Strikes out swinging
|
|
Batting: RHB Coen Dirks
|
0-0: Called Strike 0-1: Ground out 4-3 (Groundball, 4, EV 86.9 MPH)
|
|
Batting: RHB Tsugio Yamaguchi
|
0-0: Foul Ball, location: 2F 0-1: Foul Ball, location: 2F 0-2: Ball 1-2: Ball 2-2: Foul Ball, location: 2F 2-2: Fly out, F9 (Flyball, 9LM, EV 99.4 MPH)
|
| Bottom of the 9th over - 0 runs, 0 hits, 0 errors, 0 left on base; West Virginia 16 - Augusta 7 |
|